 Dungeon Crawl Stone Soup version 0.19-a0-518-g626ee58 (webtiles) character file.

83353 Laraso the Impaler (level 15, -10/187 HPs)
             Began as a Merfolk Gladiator on June 6, 2016.
             Was a Believer of Uskayaw.
             Killed from afar by Louise (15 damage)
             ... with a bolt of lightning
             ... on level 15 of the Dungeon.
             The game lasted 01:03:15 (25358 turns).

Laraso the Impaler (Merfolk Gladiator)             Turns: 25358, Time: 01:03:16

Health: -10/187    AC: 17    Str: 21    XL:     15   Next: 76%
Magic:  20/27      EV: 22    Int:  8    God:    Uskayaw [**....]
Gold:   1634       SH:  0    Dex: 20    Spells: 0 memorised, 14 levels left

rFire  . . .     SeeInvis .     a - +6 glaive
rCold  . . .     Gourm    .     x - +2 leather armour {MR+}
rNeg   . . .     Faith    .     (shield currently unavailable)
rPois  .         Spirit   .     (helmet restricted)
rElec  .         Dismiss  .     L - +1 cloak
rCorr  .         Reflect  .     O - +2 pair of gloves
SustAt .         Harm     .     p - +2 pair of boots
MR     ++++.                    Y - amulet of rage
Stlth  ..........               u - ring of protection from magic
                                A - ring of protection from magic

@: berserking (expiring), very quick, incredibly resistant to hostile
enchantments, extremely unstealthy
A: change form in water, swift swim, horns 1, iridescent scales 1, regeneration
1
a: Stomp, Line Pass, Renounce Religion, Evoke Berserk Rage


You were on level 15 of the Dungeon.
You worshipped Uskayaw.
Uskayaw was pleased with you.
You were not hungry.

You visited 3 branches of the dungeon, and saw 24 of its levels.
You also visited: Volcano.

You collected 1698 gold pieces.
You spent 64 gold pieces at shops.

Inventory:

Hand Weapons
 a - a +6 glaive (weapon)
Missiles
 d - 5 throwing nets (quivered)
Armour
 p - a +2 pair of boots (worn)
 x - a +2 leather armour of magic resistance (worn)
 L - a +1 cloak (worn)
 O - a +2 pair of gloves (worn)
Jewellery
 u - a ring of protection from magic (right hand)
 A - a ring of protection from magic (left hand)
 P - an uncursed ring of protection from cold
 Y - an amulet of rage (around neck)
 Z - a +2 ring of protection
Wands
 e - a wand of disintegration (10/24)
 o - a wand of acid (6/15)
 q - a wand of digging (7/24)
 r - a wand of iceblast (9/15)
 v - a wand of teleportation (6/9)
 F - a wand of slowing (34/48)
 K - a wand of lightning (8/15)
 S - a wand of digging (7/24)
Scrolls
 c - 4 scrolls of teleportation
 s - 6 scrolls of magic mapping
 w - a scroll of fog
 D - 4 scrolls of identify
 J - 4 scrolls of remove curse
 R - a scroll of silence
 U - 4 scrolls of fear
Potions
 h - 6 potions of curing
 j - 5 potions of agility
 l - a potion of brilliance
 n - 3 potions of lignification
 z - 2 potions of berserk rage
 B - 2 potions of invisibility
 C - 3 potions of cancellation
 E - a potion of ambrosia
 H - 3 potions of resistance
 I - a potion of haste
 N - 4 potions of might
 Q - a potion of magic
 W - 4 potions of heal wounds
Books
 t - a book of Ice

   Spells                             Type                      Level
   a - Ice Form                       Ice/Transmutation            4
   b - Metabolic Englaciation         Hexes/Ice                    5
   c - Ozocubu's Refrigeration        Ice                          6
   d - Bolt of Cold                   Conjuration/Ice              6
   e - Freezing Cloud                 Conjuration/Ice/Air          6
   f - Simulacrum                     Ice/Necromancy               6
Miscellaneous
 y - a sack of spiders
Comestibles
 b - 12 chunks of flesh
 f - 13 bread rations
 g - 17 fruits
 i - 7 slices of pizza
 k - 2 royal jellies
 m - 12 meat rations
 G - 8 beef jerkies


   Skills:
 * Level 13.8 Fighting
 - Level 20.1 Polearms
 - Level 2.0 Throwing
 - Level 12.7 Dodging
 + Level 16.4 Invocations
 - Level 6.0 Evocations


You had 14 spell levels left.
You didn't know any spells.

Dungeon Overview and Level Annotations

Branches:
Dungeon (15/15)            Temple (1/1) D:5            Lair (8/8) D:9
 Shoals (0/4) Lair:3        Snake (0/4) Lair:5        Slime (0/6) Lair:8
    Orc (0/2) D:11         Vaults (0/5) D:14
 Depths: D:15

Altars:
Ashenzari
Cheibriados
Dithmenos
Elyvilon
Fedhas
Gozag
Hepliaklqana
Kikubaaqudgha
Makhleb
Nemelex Xobeh
Okawaru
Pakellas
Qazlal
Ru
Sif Muna
Trog
Uskayaw
Vehumet
Xom
Yredelemnul
Zin
The Shining One
Beogh
Jiyva

Shops:
D:12 *   D:15 (

Annotations:
D:5 Prince Ribbit
D:15 Louise
Lair:5 exclusion: oklob plant


Innate Abilities, Weirdness & Mutations

You revert to your normal form in water.
You are very nimble and swift while swimming.
You have a pair of small horns on your head.
You are partially covered in iridescent scales. (AC +4)
Your natural rate of healing is unusually fast.


Message History

Louise blocks your attack.
Your headbutt misses Louise. The centaur zombie hits you.
* * * LOW HITPOINT WARNING * * *
You take 3 damage, and have 61/187 hp.
Louise blocks your attack.
Your headbutt misses Louise.
The red ugly thing punches you but does no damage.
The red ugly thing barely misses you.
The red ugly thing trunk-slaps you but does no damage.
Louise gestures at you while chanting. The bolt of lightning hits you!
* * * LOW HITPOINT WARNING * * *
The centaur zombie completely misses you.
You take 16 damage, and have 45/187 hp.
Louise blocks your attack. The purple ugly thing misses you.
You slash the red ugly thing!
You kill the red ugly thing!
The red ugly thing completely misses you.
The centaur zombie closely misses you. The red ugly thing misses you.
Louise misses you.
You barely miss the red ugly thing.
Your headbutt misses the red ugly thing.
The purple ugly thing misses you.
You completely miss the red ugly thing. You headbutt the red ugly thing.
The centaur zombie closely misses you. The red ugly thing bites you.
* * * LOW HITPOINT WARNING * * *
You are engulfed in flames!
* * * LOW HITPOINT WARNING * * *
The red ugly thing completely misses you.
Louise says, "Even the Abyss couldn't kill me!
What makes you think you can?" Louise closely misses you.
You take 17 damage, and have 29/187 hp.
You slash the red ugly thing!
You kill the red ugly thing!
The centaur zombie closely misses you.
The purple ugly thing completely misses you.
You closely miss the red ugly thing. You headbutt the red ugly thing!
The red ugly thing trunk-slaps you!
* * * LOW HITPOINT WARNING * * *
You are engulfed in flames!
* * * LOW HITPOINT WARNING * * *
You take 24 damage, and have 5/187 hp.
You hit the red ugly thing but do no damage.
Your headbutt misses the red ugly thing.
The centaur zombie hits you but does no damage.
Louise completely misses you.
The purple ugly thing barely misses you.
You are too berserk!
You slice the red ugly thing!! You headbutt the red ugly thing.
The centaur zombie hits you.
* * * LOW HITPOINT WARNING * * *
The red ugly thing completely misses you.
You can now pass through a line of other dancers.
You take 1 damage, and have 5/187 hp.
Unknown command.
You are too berserk!
You closely miss the red ugly thing.
Your headbutt misses the red ugly thing.
Louise casts a spell at you. The bolt of lightning hits you!
You die...

.......♣...#
.#.##..♣P..#
#.#####....##
....[##..###
# #.......##
#.#........##
#...........#
##....Zu.%..#
#....@@....#
#...u......#
#..........#
##...%....##
#..........#
#.%........#
#.....(....#
#..........#


You could see Louise, 2 ugly things and a centaur zombie.

Vanquished Creatures
  Kirke (D:15)
  4 dire elephants (Lair:8)
  Snorg (Lair:3)
  4 vault guards (D:14)
  Josephine (Lair:5)
  9 hydras
  5 centaur warriors
  Erica (Lair:1)
  An anaconda (Lair:8)
  Erolcha (D:13)
  2 catoblepae
  2 tengu warriors (D:13)
  An orc high priest (D:13)
  Nergalle (Lair:3)
  A fire crab (Volcano)
  An unseen horror (D:11)
  5 skeletal warriors (D:14)
  The ghost of Laraso the Impaler, a novice MfGl of Uskayaw (D:6)
  Pikel (D:6)
  3 deep elf magi
  6 hill giants
  A wolf spider (D:15)
  A manticore (Lair:3)
  An orc knight (D:13)
  2 griffons
  2 orc sorcerers (D:13)
  5 ugly things
  3 cyclopes
  8 elephants
  A centaur zombie (D:10)
  2 black mambas
  Joseph (Lair:1)
  4 gargoyles
  4 molten gargoyles (D:11)
  13 spiny frogs
  6 komodo dragons
  2 trolls
  A polar bear (Lair:7)
  14 blink frogs
  A two-headed ogre (shapeshifter) (D:15)
  4 two-headed ogres
  2 slime creatures (D:15)
  A shadow (D:14)
  A vampire (D:13)
  A spriggan (Lair:3)
  3 wyverns
  7 wraiths
  A basilisk (shapeshifter) (D:15)
  4 humans (D:15)
  36 yaks
  2 hogs (D:15)
  14 hippogriffs
  2 fire bats (Volcano)
  A basilisk (D:14)
  3 vampire mosquitoes
  2 hungry ghosts
  A soldier ant (D:13)
  5 mottled dragons
  10 water moccasins
  3 orc warriors
  18 porcupines
  4 sky beasts
  4 ice beasts
  3 phantoms
  3 wasps
  25 wolves
  4 necrophages
  17 centaurs
  5 ogres
  15 crocodiles
  2 big kobolds (D:9)
  19 giant frogs
  A gnoll sergeant (D:2)
  3 scorpions
  17 killer bees
  2 howler monkeys
  7 lava snakes
  2 jellies
  5 crimson imps
  8 hounds
  5 orc priests
  2 gnoll shamans (D:3)
  13 orc wizards
  4 centaur skeletons
  13 iguanas
  16 worker ants
  A hell rat (D:8)
  16 sheep
  2 hound zombies
  A howler monkey zombie (D:6)
  2 worker ant zombies
  17 adders
  44 gnolls
  114 river rats
  2 shadow imps
  An ooze (D:6)
  3 worms
  2 dart slugs
  56 orcs
  A ball python (D:3)
  10 giant cockroaches
  5 goblins
  4 hobgoblins
  28 jackals
  2 quokkas
  9 bats
  3 giant newts
  A jackal zombie (D:5)
  11 kobolds
  23 rats
  A bush (Lair:8)
  2 fungi (Lair:8)
  10 plants
815 creatures vanquished.

Vanquished Creatures (collateral kills)
  2 vampire mosquitoes (D:14)
2 creatures vanquished.

Vanquished Creatures (others)
  A human (D:15)
  A mottled dragon (Volcano)
  A giant frog (D:7)
  An iguana (D:7)
  A worker ant zombie (D:6)
  A jackal zombie (D:6)
  20 fungi
  12 plants
38 creatures vanquished.

Grand Total: 855 creatures vanquished

Notes
Turn   | Place    | Note
--------------------------------------------------------------
     0 | D:1      | Laraso the Merfolk Gladiator began the quest for the Orb.
     0 | D:1      | Reached XP level 1. HP: 16/16 MP: 1/1
   197 | D:1      | Reached skill level 5 in Polearms
   202 | D:1      | Reached XP level 2. HP: 18/22 MP: 2/2
   656 | D:1      | Reached skill level 6 in Polearms
   656 | D:1      | Reached XP level 3. HP: 27/27 MP: 3/3
  1164 | D:2      | Reached skill level 7 in Polearms
  1164 | D:2      | Reached XP level 4. HP: 33/33 MP: 0/4
  1443 | D:2      | Found a shimmering altar of Xom.
  1480 | D:2      | Gained mutation: You are partially covered in iridescent scales. (AC +4) [potion of beneficial mutation]
  1596 | D:2      | Found a hazy altar of Hepliaklqana.
  2047 | D:3      | Found an iron altar of Okawaru.
  2200 | D:3      | Reached skill level 8 in Polearms
  2243 | D:3      | Found a blossoming altar of Fedhas.
  2245 | D:3      | Reached XP level 5. HP: 38/38 MP: 5/5
  2939 | D:3      | Reached skill level 9 in Polearms
  2959 | D:3      | Reached XP level 6. HP: 43/44 MP: 6/6
  2974 | D:3      | HP: 14/44 [gnoll sergeant/spear (8)]
  3252 | D:2      | Reached skill level 10 in Polearms
  3675 | D:3      | Reached XP level 7. HP: 29/50 MP: 7/7
  3855 | D:3      | Reached skill level 11 in Polearms
  4066 | D:3      | Reached skill level 12 in Polearms
  4548 | D:4      | Reached XP level 8. HP: 56/56 MP: 8/8
  4565 | D:4      | Found an oddly glowing altar of Pakellas.
  4644 | D:4      | Found a bloodstained altar of Trog.
  4834 | D:4      | Found a sacrificial altar of Ru.
  4866 | D:5      | Entered Level 5 of the Dungeon
  4895 | D:5      | Reached skill level 13 in Polearms
  5414 | D:5      | Found a staircase to the Ecumenical Temple.
  5425 | Temple   | Entered the Ecumenical Temple
  5559 | D:5      | Found an opulent altar of Gozag.
  5559 | D:5      | Found a deep blue altar of Sif Muna.
  5561 | D:5      | Found a shadowy altar of Dithmenos.
  5634 | D:5      | Found a snail-covered altar of Cheibriados.
  5888 | D:6      | Noticed Prince Ribbit
  5904 | D:5      | HP: 13/56 [Prince Ribbit (14)]
  6226 | D:5      | Reached skill level 14 in Polearms
  6290 | D:6      | Noticed Pikel
  6302 | D:6      | Killed Pikel
  6302 | D:6      | Reached skill level 15 in Polearms
  6302 | D:6      | Reached XP level 9. HP: 53/61 MP: 9/9
  6438 | D:6      | Found a blossoming altar of Fedhas.
  6499 | D:6      | Noticed Laraso's ghost (novice MfGl)
  6526 | D:6      | Killed Laraso's ghost
  6526 | D:6      | Reached skill level 16 in Polearms
  6633 | D:6      | Reached skill level 5 in Dodging
  7062 | D:6      | Reached skill level 6 in Dodging
  7122 | D:6      | Gained mutation: Your natural rate of healing is unusually fast. [potion of beneficial mutation]
  7561 | D:7      | Found a radiant altar of Vehumet.
  7736 | D:7      | Reached skill level 7 in Dodging
  7821 | D:7      | Found an opulent altar of Gozag.
  7863 | D:7      | Found an iron altar of Okawaru.
  8090 | D:7      | Reached skill level 8 in Dodging
  8315 | D:8      | Reached skill level 9 in Dodging
  8315 | D:8      | Reached XP level 10. HP: 67/67 MP: 10/10
  8882 | D:9      | Reached skill level 10 in Dodging
  8912 | D:9      | Found a staircase to the Lair.
  9097 | D:9      | Reached skill level 11 in Dodging
  9209 | D:9      | Gained mutation: You have a pair of small horns on your head. [potion of beneficial mutation]
  9233 | D:9      | Found an ancient bone altar of Kikubaaqudgha.
  9502 | D:9      | Reached skill level 12 in Dodging
  9633 | D:9      | Noticed a green ugly thing
  9652 | D:9      | Killed a green ugly thing
  9662 | D:9      | Found a hide-covered altar of Uskayaw.
  9724 | D:9      | Became a worshipper of Uskayaw the Reveler
  9794 | D:10     | Entered Level 10 of the Dungeon
  9799 | D:10     | Reached * piety under Uskayaw
  9805 | D:10     | Noticed a hill giant
  9805 | D:10     | Noticed a hill giant
  9809 | D:10     | Reached ** piety under Uskayaw
  9961 | D:10     | Killed a hill giant
  9961 | D:10     | Reached skill level 3 in Invocations
  9961 | D:10     | Reached *** piety under Uskayaw
 10078 | D:10     | Reached skill level 4 in Invocations
 10194 | D:10     | Reached skill level 5 in Invocations
 10250 | D:10     | Noticed a catoblepas
 10264 | D:10     | Killed a catoblepas
 10264 | D:10     | Reached skill level 6 in Invocations
 10264 | D:10     | Reached XP level 11. HP: 45/72 MP: 10/15
 10306 | D:10     | Reached **** piety under Uskayaw
 10307 | D:10     | Reached skill level 7 in Invocations
 10311 | D:10     | Reached ***** piety under Uskayaw
 10730 | D:10     | Reached skill level 8 in Invocations
 11030 | D:11     | Reached skill level 9 in Invocations
 11045 | D:11     | Killed an unseen horror
 11186 | D:11     | Found a staircase to the Orcish Mines.
 11272 | D:11     | HP: 26/72 [molten gargoyle/bolt of magma (29)]
 11367 | D:11     | Reached skill level 10 in Invocations
 11472 | D:11     | HP: 24/72 [molten gargoyle/morningstar (12)]
 12128 | D:12     | Reached skill level 11 in Invocations
 12135 | D:12     | Noticed a centaur warrior
 12151 | D:12     | Killed a centaur warrior
 12157 | D:12     | Reached XP level 12. HP: 78/78 MP: 20/20
 12160 | D:12     | Reached skill level 12 in Invocations
 12539 | D:12     | Found Meotarosi's Assorted Antiques.
 12548 | D:12     | Bought a dyed leather armour for 64 gold pieces
 12781 | D:12     | You fall through a shaft!
 12977 | D:13     | Reached skill level 2 in Evocations
 13000 | D:13     | Got a clouded graven amulet
 13001 | D:13     | Identified the amulet "Veycucw" {Spirit Str-5 Int+8} (You found it on level 13 of the Dungeon)
 13035 | D:13     | Noticed Erolcha
 13043 | D:13     | Killed Erolcha
 13043 | D:13     | Reached skill level 3 in Evocations
 13077 | D:13     | Noticed a four-headed hydra
 13089 | D:13     | Killed a 12-headed hydra
 13089 | D:13     | Reached skill level 4 in Evocations
 13179 | D:13     | Found a runed door.
 13235 | D:13     | Reached skill level 5 in Evocations
 13316 | D:13     | HP: 23/78 [something (13)]
 13527 | D:13     | Reached skill level 6 in Evocations
 13571 | D:13     | Noticed a centaur warrior
 13580 | D:13     | Killed a centaur warrior
 13580 | D:13     | Reached skill level 3 in Fighting
 13638 | D:13     | Reached skill level 4 in Fighting
 13890 | D:13     | Noticed a tengu warrior
 13892 | D:13     | Noticed a tengu warrior
 13908 | D:13     | Killed a tengu warrior
 13908 | D:13     | Reached skill level 5 in Fighting
 13911 | D:13     | Killed a tengu warrior
 13911 | D:13     | Reached skill level 6 in Fighting
 13911 | D:13     | Reached skill level 13 in Invocations
 13915 | D:13     | Noticed a centaur warrior
 13915 | D:13     | Noticed an orc high priest
 13926 | D:13     | Killed an orc high priest
 13926 | D:13     | Reached XP level 13. HP: 70/95 MP: 18/22
 13931 | D:13     | Reached skill level 7 in Fighting
 13940 | D:13     | Reached ****** piety under Uskayaw
 14004 | D:13     | Found a roughly hewn altar of Beogh.
 14190 | Lair:1   | Entered Level 1 of the Lair of Beasts
 14669 | Lair:1   | Reached skill level 17 in Polearms
 14827 | Lair:1   | Noticed Erica
 14843 | Lair:1   | Killed Erica
 14916 | Lair:1   | Noticed Joseph
 14927 | Lair:1   | Killed Joseph
 16066 | Lair:3   | Found a staircase to the Shoals.
 16066 | Lair:3   | Noticed Nergalle
 16075 | Lair:3   | Killed Nergalle
 16076 | Lair:3   | Reached skill level 18 in Polearms
 16123 | Lair:3   | Noticed Snorg
 16135 | Lair:3   | Killed Snorg
 17173 | Lair:4   | Reached skill level 14 in Invocations
 17740 | Lair:4   | HP: 34/96 [five-headed hydra (7)]
 17746 | Lair:4   | Reached skill level 19 in Polearms
 18397 | Lair:5   | Found a staircase to the Snake Pit.
 18663 | Lair:5   | Reached XP level 14. HP: 103/103 MP: 24/24
 18772 | Lair:5   | Noticed Josephine
 18786 | Lair:5   | Killed Josephine
 19319 | Lair:6   | Reached skill level 20 in Polearms
 20070 | Lair:6   | Reached skill level 8 in Fighting
 20211 | Lair:7   | Found a dark tunnel.
 20220 | Volcano  | Entered a volcano
 20441 | Volcano  | Found a bloodstained altar of Trog.
 20453 | Volcano  | HP: 62/159 [something (9)]
 21013 | Lair:7   | Reached skill level 9 in Fighting
 21013 | Lair:7   | Reached skill level 15 in Invocations
 21211 | Lair:7   | HP: 64/162 [11-headed hydra (3)]
 21621 | Lair:7   | Reached skill level 10 in Fighting
 21742 | Lair:8   | Entered Level 8 of the Lair of Beasts
 21842 | Lair:8   | Found a staircase to the Slime Pits.
 21843 | Lair:8   | Found a viscous altar of Jiyva.
 22946 | Lair:8   | Reached skill level 11 in Fighting
 23217 | Lair:8   | Noticed a dire elephant
 23217 | Lair:8   | Noticed a dire elephant
 23236 | Lair:8   | Killed a dire elephant
 23236 | Lair:8   | Reached XP level 15. HP: 89/119 MP: 26/26
 24027 | D:14     | Reached skill level 12 in Fighting
 24362 | D:14     | Found a gate to the Vaults.
 24373 | D:14     | Reached skill level 16 in Invocations
 24532 | D:14     | Reached skill level 13 in Fighting
 24880 | D:15     | Entered Level 15 of the Dungeon
 24883 | D:15     | Noticed Kirke
 24898 | D:15     | Killed Kirke
 24910 | D:15     | HP: 48/124 [wolf spider (11)]
 24915 | D:15     | HP: 49/186 [poisoned by a wolf spider]
 24920 | D:15     | HP: 42/186 [poisoned by a wolf spider]
 24926 | D:14     | HP: 27/124 [poisoned by a wolf spider]
 24931 | D:14     | HP: 26/124 [poisoned by a wolf spider]
 24937 | D:14     | HP: 26/124 [poisoned by a wolf spider]
 24943 | D:14     | HP: 29/124 [poisoned by a wolf spider]
 25281 | D:15     | Found Siegupu's Antique Weapon Shop.
 25338 | D:15     | Noticed Louise
 25345 | D:15     | HP: 42/125 [Louise/bolt of lightning (30)]
 25353 | D:15     | HP: 43/187 [red ugly thing (3)]
 25355 | D:15     | HP: 5/187 [red ugly thing (17)]
 25358 | D:15     | Killed from afar by Louise

Vault maps used:
D:1:      matt_arrival_grand_opening
D:2:      nicolae_overflow_hidden_temple, lemuel_coloured_pillars_altar,
          first_bread
D:3:      lemuel_castle_with_subvaults, fedhas_altar_2,
          okawaru_ov_weapons_minmay
D:4:      lightli_temple_of_fire, nicolae_ru_the_path_less_chosen,
          grunt_pakellas_basics, serial_bayou_ford_a
D:5:      kennysheep_mini_moat, gammafunk_temple_overflow_claw,
          minmay_temple_entry_metal_lava, minmay_parallelograms
D:6:      basic_altar, uniq_pikel, uniq_prince_ribbit1
D:7:      kennysheep_little_box, old_standard_altar, basic_altar,
          grunt_ogre_cave
D:8:      lemuel_ratsnest
D:9:      old_standard_altar, marbit_many_paths, due_lair_maze_entry_diamond
D:10:     kennysheep_kite_vault
D:11:     orc_0_dummy, minivault_8
D:12:     serial_shops, nicolae_shop_overgrown_old_shop
D:13:     spider_trap, hex_tiny, lightli_church_of_beogh, uniq_erolcha
D:14:     lightli_vaults_fourway_checkpoint, hangedman_decor_clover_reticule
D:15:     hangedman_depths_entry_try_elsewhere_first, serial_shops, shop_statue,
          minmay_misc_feat_encased, hangedman_abyss_or_decor_jellyfish_corner,
          grunt_decor_cap, serial_park_tiny_2, st_stairs_2, uniq_kirke,
          uniq_louise
Temple:   nicolae_temple_figure_zero
Lair:1:   nicolae_quartered_pool_little, uniq_joseph, uniq_erica
Lair:3:   minmay_shoals_entry_beasts, columned_hall_lemuel, minmay_holes,
          serial_bayou_pond_e, minivault_25, wad_woods_03, serial_bayou_shore_a,
          uniq_nergalle, uniq_snorg
Lair:5:   dummy_snake_entry, serial_bayou_pond_a, uniq_josephine
Lair:6:   fungi_pond_lemuel
Lair:7:   nicolae_volcano_entry_two_sided, lemuel_fruit_fields
Lair:8:   due_jungle_book, slime_altar_1, grunt_megastairs_4,
          lemuel_fruit_fields
Volcano:  volcano_grotto

Skill      XL: |  1  2  3  4  5  6  7  8  9 10 11 12 13 14 15 |
---------------+----------------------------------------------+-----
Polearms       | 5 6 7 8 9 10 12 15 16 19 20 | 20.1
Dodging        | 9 12 | 12.7
Invocations    | 6 11 13 14 15 16 | 16.4
Evocations     | 6 |  6.0
Fighting       | 6 7 11 13 | 13.8
Throwing       | |  2.0

Action                   |  1- 3 |  4- 6 |  7- 9 | 10-12 | 13-15 || total
-------------------------+-------+-------+-------+-------+-------++-------
Melee: Trident           |   100 |   223 |       |       |       ||   323
       Tailslap          |       |     1 |     1 |       |     4 ||     6
       Halberd           |       |    29 |   351 |   822 |    50 ||  1252
       Headbutt          |       |       |       |   124 |   332 ||   456
       Glaive            |       |       |       |       |  1343 ||  1343
Invok: Stomp             |       |       |       |     2 |     3 ||     5
       Line Pass         |       |       |       |     4 |     1 ||     5
 Abil: Evoke Berserk Rag |       |       |       |     3 |    17 ||    20
Evoke: Wand              |       |       |     1 |       |     1 ||     2
  Use: Scroll            |     5 |     4 |    17 |    13 |    18 ||    57
       Potion            |       |     1 |     2 |     6 |       ||     9
 Stab: Distracted        |       |     1 |     1 |     1 |     5 ||     8
       Sleeping          |       |       |     1 |     1 |    11 ||    13
       Paralysed         |       |       |       |    29 |   113 ||   142
       Confused          |       |       |       |     1 |     1 ||     2
  Eat: Chunk             |     1 |     5 |     8 |    24 |    40 ||    78
       Bread ration      |       |     1 |       |       |     2 ||     3
       Meat ration       |       |       |     1 |       |     1 ||     2
       Fruit             |       |       |       |     1 |       ||     1
Armor: Ring mail         |    25 |   111 |    98 |   133 |       ||   367
       Leather armour    |     1 |       |       |    44 |   335 ||   380
Dodge: Dodged            |    58 |   213 |   155 |   488 |  1150 ||  2064

Table legend:
 A = Kills in this place as a percentage of kills in entire the game.
 B = Kills by you in this place as a percentage of kills by you in the entire game.
 C = Kills by friends in this place as a percentage of kills by friends in the entire game.
 D = Other kills in this place as a percentage of other kills in the entire game.
 E = Experience gained in this place as a percentage of experience gained in the entire game.
 F = Experience gained in this place divided by the number of levels of this place that you have seen.
                   A       B       C       D       E      F
               +-------+-------+-------+-------+-------+----------------------
         Total | 100.0 | 100.0 | 100.0 | 100.0 | 100.0 | 4763.1
       Dungeon |  59.4 |  59.4 | 100.0 |   0.0 |  52.6 | 4173.9
          Lair |  39.2 |  39.3 |   0.0 |   0.0 |  46.0 | 6849.8
       Volcano |   1.4 |   1.3 |   0.0 | 100.0 |   1.4 | 1670.0
               +-------+-------+-------+-------+-------+----------------------

Table legend:
 A = Turns spent in this place as a percentage of turns spent in the entire game.
 B = Non-inter-level travel turns spent in this place as a percentage of non-inter-level travel turns spent in the entire game.
 C = Inter-level travel turns spent in this place as a percentage of turns spent in this place.
 D = Turns resting spent in this place as a percentage of non-inter-level travel turns spent in this place.
 E = Turns spent auto-exploring this place as a percentage of non-inter-level travel turns spent in this place.
 F = Non-inter-level travel turns spent in this place divided by the number of levels of this place that you've seen.
                   A       B       C       D       E      F
               +-------+-------+-------+-------+-------+----------------------
         Total | 100.0 | 100.0 |   0.6 |   3.5 |   8.4 | 365.7
       Dungeon |  60.8 |  60.8 |   0.7 |   2.6 |   8.9 | 370.3
        Temple |   0.1 |   0.1 |   7.7 |   0.0 |  91.7 |  12.0
          Lair |  35.9 |  36.0 |   0.5 |   4.9 |   8.0 | 411.1
       Volcano |   3.1 |   3.1 |   0.0 |   4.5 |   0.0 | 287.0
               +-------+-------+-------+-------+-------+----------------------

Vault maps used:
D:1:      matt_arrival_grand_opening
D:2:      nicolae_overflow_hidden_temple, lemuel_coloured_pillars_altar,
          first_bread
D:3:      lemuel_castle_with_subvaults, fedhas_altar_2,
          okawaru_ov_weapons_minmay
D:4:      lightli_temple_of_fire, nicolae_ru_the_path_less_chosen,
          grunt_pakellas_basics, serial_bayou_ford_a
D:5:      kennysheep_mini_moat, gammafunk_temple_overflow_claw,
          minmay_temple_entry_metal_lava, minmay_parallelograms
D:6:      basic_altar, uniq_pikel, uniq_prince_ribbit1
D:7:      kennysheep_little_box, old_standard_altar, basic_altar,
          grunt_ogre_cave
D:8:      lemuel_ratsnest
D:9:      old_standard_altar, marbit_many_paths, due_lair_maze_entry_diamond
D:10:     kennysheep_kite_vault
D:11:     orc_0_dummy, minivault_8
D:12:     serial_shops, nicolae_shop_overgrown_old_shop
D:13:     spider_trap, hex_tiny, lightli_church_of_beogh, uniq_erolcha
D:14:     lightli_vaults_fourway_checkpoint, hangedman_decor_clover_reticule
D:15:     hangedman_depths_entry_try_elsewhere_first, serial_shops, shop_statue,
          minmay_misc_feat_encased, hangedman_abyss_or_decor_jellyfish_corner,
          grunt_decor_cap, serial_park_tiny_2, st_stairs_2, uniq_kirke,
          uniq_louise
Temple:   nicolae_temple_figure_zero
Lair:1:   nicolae_quartered_pool_little, uniq_joseph, uniq_erica
Lair:3:   minmay_shoals_entry_beasts, columned_hall_lemuel, minmay_holes,
          serial_bayou_pond_e, minivault_25, wad_woods_03, serial_bayou_shore_a,
          uniq_nergalle, uniq_snorg
Lair:5:   dummy_snake_entry, serial_bayou_pond_a, uniq_josephine
Lair:6:   fungi_pond_lemuel
Lair:7:   nicolae_volcano_entry_two_sided, lemuel_fruit_fields
Lair:8:   due_jungle_book, slime_altar_1, grunt_megastairs_4,
          lemuel_fruit_fields
Volcano:  volcano_grotto
